 Dungeon Crawl Stone Soup version 0.31-a0-920-g28cbb04a8c (webtiles) character file.

Game seed: 14602321205243624327

2 Azuregosa the Sneak (level 1, -4/16 HPs)
             Began as an Octopode Delver on Oct 17, 2023.
             Was an Initiate of Makhleb.
             Slain by an orc
             ... wielding a +0 whip
              (5 damage)
             ... on level 7 of the Dungeon.
             The game lasted 00:00:50 (89 turns).

Azuregosa the Sneak (Octopode Delver)                 Turns: 89, Time: 00:00:51

Health: -4/16      AC:  1    Str: 11    XL:     1   Next: 30%
Magic:  1/1        EV: 13    Int: 12    God:    Makhleb [......]
Gold:   0          SH:  0    Dex: 13    Spells: 0/0 levels left

rFire   . . .        a - +0 hand axe
rCold   . . .        (no shield)
rNeg    . . .        (helmet restricted)
rPois   .            (no amulet)
rElec   .            (no ring)
rCorr   .            (no ring)
SInv    .            (no ring)
Will    .....        (no ring)
Stlth   ++++         (no ring)
HPRegen 0.22/turn    (no ring)
MPRegen 0.07/turn    (no ring)
                     (no ring)

%: no passive effects
@: no status effects
A: almost no armour, amphibious, 8 rings, camouflage 1, gelatinous body 1,
(nimble swimmer 1), tentacles
a: Renounce Religion


You were on level 7 of the Dungeon.
You worshipped Makhleb.
Makhleb was noncommittal.
You visited 1 branch of the dungeon, and saw 3 of its levels.

Inventory:

Hand Weapons
 a - a +0 hand axe (weapon)
Wands
 f - a wand of digging (8)
Scrolls
 b - a scroll of fog
 c - a scroll of revelation
 d - a scroll of fear
 g - a scroll of immolation {unknown}
Potions
 e - a potion of haste


   Skills:
 - Level 3.0 Fighting
 - Level 2.0 Axes
 - Level 2.0 Dodging
 + Level 6.7 Stealth


You couldn't memorise any spells.
You didn't know any spells.
Your spell library was empty.

Dungeon Overview and Level Annotations

Branches:
Dungeon (7/15)
 Temple: D:4-7

Altars:
Makhleb


Innate Abilities, Weirdness & Mutations

You cannot wear most types of armour.
You are amphibious.
You can wear up to eight rings at the same time.
Your skin changes colour to match your surroundings (Stealth+).
Your rubbery body absorbs attacks. (AC +1, EV +1)
((You are camouflaged when in or above water. (Stealth+)))
You have tentacles for arms and can constrict up to eight enemies at once.


Message History

You hear the roar of battle.
There is an entrance to a bailey on this level.
Hurry and find it before the portal closes forever!
Found 9 gold pieces and a wand of digging (5).
There is a stone staircase leading up here.
Found a scroll labelled UPTATR MOPU.
Found a shiny glass ring.
f - a wand of digging (8) (gained 5 charges)
g - a scroll labelled UPTATR MOPU An orc comes into view.
It is wielding a +0 club.
The orc shouts!
An orc comes into view. It is wielding a +0 club.
An orc comes into view. It is wielding a +0 whip.
The orc shouts!
The orc hits you with a +0 club.
You see here a ring of fire.
You hit the orc but do no damage. You grab the orc.
You constrict the orc, but do no damage.
The orc hits you with a +0 club.
You hit the orc but do no damage. You constrict the orc. The orc misses you.
You hit the orc but do no damage.
The orc is moderately wounded.
You hit the orc.
You constrict the orc, but do no damage.
The orc hits you with a +0 whip. The orc barely misses you.
You hit the orc but do no damage.
The orc is moderately wounded.
You barely miss the orc. You constrict the orc.
The orc hits you with a +0 club.
* * * LOW HITPOINT WARNING * * *
The orc closely misses you.
You hit the orc but do no damage. You tentacle-slap the orc.
The orc is almost dead.
You closely miss the orc. You constrict the orc.
You kill the orc!
Makhleb accepts your kill.
You completely miss the orc. Your grab misses the orc.
Your squeeze misses the orc.
The orc is moderately wounded.
The orc hits you with a +0 whip.
You die...

##. .# .. .# oo .# .#.#
...## ####...##
####..@o...##
.............# .
.............##.#
.................
................
............####
............#
###.........######+####
#....................


You could see an orc.

Vanquished Creatures
  An orc (D:7)
1 creature vanquished.

Notes
Turn   | Place    | Note
-------+----------+-------------------------------------------
     0 | D:5      | Azuregosa the Octopode Delver began the quest for the Orb.
     0 | D:5      | Reached XP level 1. HP: 16/16 MP: 1/1
    55 | D:6      | Found a burning altar of Makhleb.
    59 | D:6      | Became a worshipper of Makhleb the Destroyer
    60 | D:6      | Noticed an orc priest
    89 | D:7      | Slain by an orc

Illustrated notes

Levels and vault maps discovered:
D:5:      layout_loops_ring, mainiacjoe_overflow_alcove_1, uniq_grinder
D:6:      layout_basic, bloody_makhleb, lemuel_round_altar,
          overflow_temple_1_default, kennysheep_cluttered_room,
          bh_walls_and_bars
D:7:      layout_basic, gammafunk_temple_overflow_claw,
          minmay_temple_entry_proselytizer, enter_bailey_2

Action                     || total
---------------------------++-------
  Melee: Hand axe          ||     6
         Constrict         ||     1
         Punch             ||     1
 Armour: Skin              ||     5
  Dodge: Dodged            ||     3

Table legend: (Time is in decaauts)
 A = Elapsed time spent in this place.
 B = Non-inter-level travel time spent in this place.
 C = Inter-level travel time spent in this place.
 D = Time resting spent in this place.
 E = Time spent auto-exploring this place.
 F = Levels seen in this place.
 G = Mean time per level.
                   A        B        C        D        E       F      G
               +--------+--------+--------+--------+--------+-----+--------+
         Total |     89 |     89 |      0 |      0 |     50 |   3 |   29.7 |
       Dungeon |     89 |     89 |      0 |      0 |     50 |   3 |   29.7 |
               +--------+--------+--------+--------+--------+-----+--------+

Top non-repeatable levels by time:
     D:6: 62 daAuts
     D:7: 25 daAuts
     D:5: 1 daAuts
